[Event "44th Chess Olympiad Open 2022"]
[Site "Chennai"]
[Date "2022.08.03"]
[Round "6.22"]
[White "Bjerre, Jonas Buhl"]
[Black "Hossain, Enamul"]
[Result "1-0"]
[WhiteElo "2608"]
[BlackElo "2377"]
[Annotator "TA"]
[PlyCount "93"]
[EventDate "2022.??.??"]
[TimeControl "60"]

1. Nf3 d5 2. g3 g6 3. Bg2 Bg7 4. d4 Nf6 5. O-O O-O 6. c4 Nc6 7. cxd5 Nxd5 8. e4 Nb6 9. d5 Na5 10. Qe1 Nac4 11. Nc3 c6
{[%emt 0:01:24] D74: Fianchetto Grünfeld: Main Line (5 Nf3 0-0 6 cxd5 Nxd5 7
0-0).} (11... e6 $11 {remains equal.}) 12. b3 $16 Ne5 13. Nxe5 Bxe5 {[%emt 0:00:11] White is better.
} 14. Bh6 Re8 15. dxc6 bxc6 16. Rd1 Qc7 {[%emt 0:00:00] [#]} 17. f4 $146 ({Predecessor:} 17. Qe3 Ba6 18. Rfe1 Rad8 19. Bf1 Bxf1 20.
Kxf1 Rxd1 21. Rxd1 Rd8 22. Rd3 Rxd3 23. Qxd3 {0-1 (44) Horton, A (2375)-Turner,
M (2509) Chess.com INT 2021}) 17... Bg7 (17... Bd6 $14) 18.
Bxg7 Kxg7 19. e5 (19. Rc1
$16) 19... Be6 $14 20. Qf2 Red8 21. Qc5 Rxd1 $1 22. Rxd1 Rd8 23. Rc1 (23. Bxc6 $2 Rxd1+ 24. Nxd1 Bd5
$1 $19) (23. Qxc6 $2 Qxc6 24. Bxc6 Rc8 $19) 23... Rd2 24. Qxc6
$2 (24. Bxc6 $11 Bf5 25. Nb5) 24... Qd8 $1 $19 25. Kh1 Qd4 26. Qf3 {[%emt 0:03:43] [#]} h5
$2 (26... Nd5 $1 $19 {[%cal Rd5c3] is more deadly.} 27. Nxd5
Rxg2) 27. h3 $17 Rd3 (27... h4 $17 {aiming
for ...hxg3.} 28. gxh4 Rd3) 28. Qe4 $11 Qd7 {[%emt 0:01:17]
Black has compensation.} 29. Kh2 Rd2 {[%emt 0:00:49] And now .
..Bxh3 would win.} 30. Rc2 Rd3 31. Qe1 Bf5 (31... Nd5 $11
32. Nxd5 Bxd5) 32. Ne4 ({White should try} 32. Bf1 $14) 32...
Qd4 33. Re2 e6 34. Nf2 Rc3 35. Qd2 Qc5 36. Qd6 Qb5 (36... Nd5 $14)
37. Rd2 $36 {[%emt 0:00:00] Strongly threatening g4. White is really pushing.}
Rc8 {[%emt 0:03:59] [#]} (37... Qc5 $16 {might work better.} 38. g4 (38. Qd8
Nd5 $11) 38... hxg4 39. hxg4 (39. Nxg4 Bxg4 40. Qxc5 Rxc5 $14) 39... Qe3 40.
gxf5 Qxf4+ 41. Kg1 Rc1+ 42. Rd1 gxf5) 38. Qe7 $2 ({Only move:
} 38. g4 $1 $18 hxg4 39. hxg4) 38... Nd5 $2 (
38... Qa5 $1 $11 {and Black is okay.} 39. Qf6+ (39. b4 Qa3 $14) 39... Kg8 40.
Rd8+ Rxd8 41. Qxd8+ Kg7) 39. Qxa7 $2 (39. Bxd5 $18 exd5 40. g4
(40. Qxa7 Rc1 $11) 40... hxg4 41. hxg4) 39... Rc1 $2 (39...
Qb4 $1 $11 {and Black stays safe.} 40. Rxd5 exd5 41. Bxd5 Rc2) 40. Qd4 {
[%emt 0:00:56] Threatens to win with g4.} Nb4 $2 (40... h4 41.
gxh4 (41. Bxd5 Qf1 $11) 41... Qb4 42. Bxd5 Qxd4 43. Rxd4 exd5) 41. g4 $18 ({Less strong is} 41. Qd8 Nd5 $16) 41... hxg4 42. hxg4 ({Weaker is} 42. Qd8 Nd5 43. Rxd5 (43. Bxd5 exd5 44.
Kg3 Rg1+ 45. Kh2 Qf1 $11) (43. Nxg4 Qb4 $15) 43... exd5 $11) 42... Bb1 43. Qd8 {[%emt 0:03:25] Qf6+ would kill now.} Nd5 {[%emt 0:04:
14] Inhibits Qf6+.} 44. Bxd5 Qf1 45. Bf3 {
[%emt 0:03:08] White mates.} Qg1+ 46. Kh3 Qf1+ 47. Bg2 {[%emt 0:00:33] White used his chance. Weighted
Error Value: White=0.44/ Black=0.59} 1-0

[Event "44th Chess Olympiad Open 2022"]
[Site "Chennai"]
[Date "2022.08.03"]
[Round "6.22"]
[White "Thybo, Jesper Sondergaard"]
[Black "Zia, Tahsin Tajwar"]
[Result "1-0"]
[WhiteElo "2520"]
[BlackElo "2307"]
[Annotator "TA"]
[PlyCount "91"]
[EventDate "2022.??.??"]
[TimeControl "60"]

1. d4 d5 2. c4 e6 3. Nf3 Nf6 4. g3 Bb4+ 5. Bd2 a5 6. Bg2 O-O 7. a3 Be7 8. Qc2 c6 9. O-O Nbd7 10. Bf4 {[%emt 0:05:10] E11: Bogo-Indian.} Ne4 11. h4 (11. Nc3 $5 ) 11... h6 {[%emt 0:01:54] [#]} 12.
Nc3 $146 {[%emt 0:07:28] The position is equal.} ({Predecessor:} 12. Nbd2 g5
13. Be3 Nd6 14. Bh3 f5 15. Ne5 Qe8 16. c5 Ne4 17. Nxe4 dxe4 18. hxg5 hxg5 19.
Nxd7 Bxd7 20. f4 Qg6 21. Kf2 Rf7 22. Rh1 Raf8 {½-½ (22) Stukan,M (2342)
-Petrov,N (2570) Novi Sad 2021}) 12... f5 (12... g5 $5 13. Bc1 (13. Nxe4 dxe4 14. Nxg5 hxg5 $17) 13... f5 $11) 13. Nxe4 fxe4 14. Ne5 Nxe5 15. Bxe5 (15. dxe5 {[#]} Bxh4 $1 16. Be3 Bg5 $15)
15... Bd6 16. f3 Qc7 (16...
Bxe5 $11 17. dxe5 exf3 18. exf3 b5) 17. Bxd6 $16 Qxd6 18. Kh2 exf3 19. exf3 e5 {[%emt 0:02:04] White stays focused until the end.} 20. dxe5 Qxe5 21. f4 Qf6 22. cxd5 cxd5 23. Bxd5+ Kh8 24. Qc3 {[%emt 0:01:48] White is more active.} Bf5 ({Black should play} 24... Rd8 25. Qxf6 gxf6) 25. Qxf6 ({But not} 25. Bxb7 $6 Rab8 26. Qxf6 Rxf6 $11) 25... Rxf6 26. Rf2 ({Much weaker is} 26. Bxb7 $6 Rb8 27.
Bg2 Rxb2 $11) 26... Rd8 27. Bf3 b6 28. Re1 Rfd6 29. g4 Bg6 30. Kg3 Bf7 31. Rfe2 Kg8 32. f5 Rd3 33. Re3 Rd2 34. R1e2 Kf8 35. g5 hxg5 36. hxg5 g6 $2 (36... R8d4 {is a better
chance.} 37. Bc6 Rxe2 38. Rxe2 Rc4) 37. f6 $18 Rxe2 38. Rxe2 {[%emt 0:00:23] Endgame KRB-KRB} ({Less strong is} 38. Bxe2
Rd2 39. Bf3 Bd5 40. Bxd5 Rxd5 $18) 38... Rc8 (38... b5 $142
39. Rc2 a4) 39. Be4 Rc5 40. Kf4 Rc1 41. Rc2 Rf1+ 42.
Ke5 {[%emt 0:00:00] [#] Intending Rc8+ and mate.} Re1 43. Rc8+ Be8 44. Kf4 {[%emt 0:00:00] White threatens
Bxg6 and mate.} Rf1+ 45. Kg3 Rg1+ 46. Kh4 {[%emt 0:00:00] Weighted Error Value: White=0.04 (flawless) /
Black=0.56} 1-0

[Event "44th Chess Olympiad Open 2022"]
[Site "Chennai"]
[Date "2022.08.03"]
[Round "6.22"]
[White "Rahman, Ziaur"]
[Black "Andersen, Mads"]
[Result "0-1"]
[WhiteElo "2424"]
[BlackElo "2587"]
[Annotator "TA"]
[PlyCount "98"]
[EventDate "2022.??.??"]
[TimeControl "60"]

1. Nf3 d5 2. e3 Nf6 3. b3 Bf5 4. Bb2 e6 5. Nh4 Bg4 6. Be2 {[%emt 0:00:05] A06: Réti Opening:
1 Nf3 d5.} Bxe2 7. Qxe2 c5 8. O-O {[%emt 0:00:08] The position is equal.} Nc6 9. f4 Bd6 10. Nf3 {[%emt 0:00:29] [#]} O-O $146 ({Predecessor:} 10... Qe7 11. Nc3 a6 12. Nd1 e5 13. fxe5 Nxe5
14. Nf2 O-O 15. Bxe5 Bxe5 16. Nxe5 Qxe5 {0-1 (46) Jensen,S (1909)-Mihajlov,S 
(2059) Reykjavik 2013}) 11. Kh1 Qe7 12. Ne5 Rac8 13. Nxc6 Rxc6 14. Nc3 e5 15. Nb5 (
15. g4 $11) 15... Bb8 $15 {[%emt 0:00:32] Strongly threatening ...exf4.} 16.
fxe5 Bxe5 17. Bxe5 Qxe5 18. Nc3 Re8 {[%emt 0:00:05] Threatens to win
with ...d4.} 19. Qf2 Re7 20. Rae1 Rce6 {[%emt 0:03:33] Black keeps a firm grip on the game.} 21. Re2 (21. h3 $15) 21... Ng4 $1 $40 {[%emt 0:02:17][%csl Gg4,Yf2,Yh2]
[%cal Re5h2] White is in trouble.} 22. Qg3 Qxg3 23. hxg3 Nf6 24. Rf5 g6 25. Rxd5 Nxd5 26. Nxd5 {
[%emt 0:00:00] Endgame [#] KRR-KRN} Rd7 27. c4 {[%emt 0:00:00]
[#]} (27. Nc3 $17) 27... b5 $1 $19 28. d3 bxc4 29. bxc4 Rb7 30. Rd2 Rb1+ 31. Kh2 f5 32. g4 fxg4 33. Kg3 h5 34. d4 (34. Re2 $142)
34... Rc1 35. Nc7 Rxe3+ 36.
Kf4 Re7 37. Na6 Rf1+ 38. Kg5 Rf5+ 39. Kh4 cxd4 40. Nb4 Rd7 41. Nd3 Kg7 {[%emt 0:00:00] White must now prevent ...
Re7.} 42. Re2 Rc7 43. c5 Kh6 44. Re6 Rcxc5 45. Nxc5 Rxc5 46. Rd6 Rc3 {[%emt 0:04:
00] ( -> ...Re3)} 47. a4 Re3 {[%emt 0:00:00] Black mates.} 48.
a5 d3 49. a6 d2 {[%emt 0:00:00] Weighted Error Value: White=0.57/Black=0.28 (precise)}
0-1

[Event "44th Chess Olympiad Open 2022"]
[Site "Chennai"]
[Date "2022.08.03"]
[Round "6.22"]
[White "Murshed, Niaz"]
[Black "Rasmussen, Allan Stig"]
[Result "1-0"]
[WhiteElo "2413"]
[BlackElo "2550"]
[Annotator "TA"]
[PlyCount "125"]
[EventDate "2022.??.??"]
[TimeControl "60"]

1. Nf3 f5 2.
c4 Nf6 3. g3 g6 4. Bg2 Bg7 5. O-O d6 6. d4 O-O 7. Nc3 c6 {[%emt 0:05:01] is now more promising than 7...Qe8.} 8. Rb1 a5 9. d5 {A88: Dutch Defence: Leningrad System: 5 Nf3
0-0 6 0-0 d6 7 Nc3 c6.} e5 10. dxe6 Bxe6 11.
b3 {[%emt 0:00:40] White has an edge.} Na6 12. Bf4 Nh5 13. Bg5 Qc7 14. Qd2 Nc5 15.
Nd4 {[%emt 0:08:25][%cal Yf3d4,Yd4e2,Ye2f4] [#]} Bd7 $146 ({
Predecessor:} 15... Rae8 16. Nxe6 Rxe6 17. Be3 {½-½ (17) Temirbayev,S (2490)
-Malaniuk,V (2552) Tula 1999}) 16. Bh6 Rae8 17. Bxg7 Kxg7 18. Rbd1 Bc8 19. e3 Nf6 20.
Nde2 Rd8 21. Nf4 h6 22. h4 (22. Rfe1 $14 {was preferrable.}) 22...
Rfe8 23. Qd4 {[%emt 0:07:39][%cal Yd4f6] Hoping for Qxf6+!}
Qe7 24. Bh3 (24. Nce2 $11 {might be stronger.
}) 24... Kf7 $15 25. Bg2 g5 26. hxg5 hxg5 27. Nh3 Kg6 28. Rde1 (28. Nxg5 $2 Kxg5 29. Ne2 Rh8 $19)
28... Nce4 {[%emt 0:13:31] ...Rh8 is the strong threat.} 29. f4 $1 c5 30. Qd3 {[%emt 0:00:17] Black must now prevent Nxg5.}
g4 31. Ng5 $1 $36 {[%emt 0:03:09] White fights for an
advantage.} Nxg3 32. Rf2 Nge4 (32... Qg7 $11) 33. Bxe4 $16 fxe4 34. Qd2 {
[%emt 0:00:30] White is much more active.} Rh8 35. Nd5 Nxd5 (35... Qf8 $14) 36. Qxd5 Bf5 37. Rh2 Qf6 (37... Qd7 $16 38. Rd1 (38. Nxe4 Bxe4 39. Qxe4+ Qf5 $11) (38. Ree2 Rc8 $16)
38... Rxh2 39. Kxh2 Kg7) 38. Rxh8 (38. Nxe4 Bxe4 39. Qxe4+ Qf5
$11) ({White should try} 38. Rd1 $1 $18) 38... Rxh8 $14 39.
Rd1 (39. Rb1 $5 ) 39...
g3 $1 {[%emt 0:00:54][%cal Yh8h1] ( -> ...Rh1+!)} 40. Qxd6 {[%emt 0:00:00]
Threatens to win with Kg2. The board is on fire.} Qxd6 (40...
Rh2 $11 {keeps the balance.}) 41. Rxd6+ $11 {[%emt 0:30:09] Endgame KRB-KRN}
Kh5 42. Nf7 (42. Rf6 $5 Bd7
43. Rf7 $16 (43. Nxe4 Kg4 $11)) 42... Rh7 43. Ng5 (43. Ne5 $5 ) 43... Rh8 44. Rf6 Kg4 $2 {[%emt 0:06:15] Black cannot hold the game after this.} (44...
Bd7 $14) 45. Nf7 $18 Rh5 {[%emt 0:02:05] [#]} 46. Rh6 $1 (46. Nh6+ Kf3 47. Nxf5 g2 $15) 46... b6 47.
Kg2 a4 48. Rxh5 ({Less
strong is} 48. Ne5+ Kh4 49. Rxh5+ (49. Rxb6 axb3 50. a4 Bh3+ 51. Kh1 Bg4 $11)
49... Kxh5 $18) 48... Kxh5 49. Kxg3 axb3 50. axb3 {[%emt 0:00:05] aiming for Nd6. KB-KN} Bg4 51. Nd6 {[%emt 0:00:26] And now f5 would win.} Bd1 52.
Nxe4 Bxb3 53. Nd6 Kg6 54. f5+ Kg5 55. e4 Bd1 56. Kf2 (56. e5 $142 Be2 57. f6
Bh5 58. f7 Bxf7 59. Nxf7+ Kf5 60. Kf3 Ke6 {[#]} 61. Ke4 $1) 56... Kf4 (56... Kf6 $18 57. Ke3 Ke5 58. Nf7+ Kf6) 57. f6 {[%emt 0:00:11] White
mates.} Bh5 58. f7 Bxf7 59.
Nxf7 Kxe4 60. Ke2 b5 61. Nd6+ Kd4 62. cxb5 Kd5 {[%emt 0:00:19] [#]} 63. Nc4 $1 {[%emt 0:00:00] Weighted
Error Value: White=0.23 (precise) /Black=0.62} 1-0

[Event "44th Chess Olympiad Open 2022"]
[Site "Chennai"]
[Date "2022.08.03"]
[Round "6.23"]
[White "Blomqvist, Erik"]
[Black "Tologontegin, Semetey"]
[Result "1/2-1/2"]
[WhiteElo "2521"]
[BlackElo "2378"]
[Annotator "TA"]
[PlyCount "103"]
[EventDate "2022.??.??"]
[TimeControl "60"]

1. e4 e5 2. Nc3 Nf6 3. Bc4 Nc6 4. d3 Na5 5. Bb3 Nxb3 6. axb3 Bc5 {[%emt 0:01:20] C28: Vienna Game: 2...Nf6 3
Bc4 Nc6.} 7. f4 d6 {[%emt 0:17:34] aiming for ...Ng4.} 8. h3 {
[%emt 0:09:03] [#] Prevents Ng4.} h6 $146 ({Predecessor:} 8...
c6 9. Qf3 Qb6 10. Na4 Qa5+ 11. Bd2 Bb4 12. c3 b5 13. cxb4 Qa6 14. fxe5 dxe5 {
1-0 (46) Koc,D (1540)-Yildiz,E (1777) Istanbul 2018}) 9. Qf3 Qe7 10. Nge2 Bd7 11. g4 Bc6 12. fxe5 dxe5 13. Be3 Nd7 14.
h4 a6 15. Ng3 O-O-O 16. O-O-O Bxe3+ 17. Qxe3 Nc5 18. Nf5 Qf8 19. Qg3 f6 20. g5 Ne6 21. gxh6 gxh6 22. Rhg1 Kb8 23. Qe3 Rd7 24. Rdf1 Rf7 25. Rg3 Bd7 26. Nd5 {[%emt 0:03:20]
Against Nf4. Pair of Knights!} Bc6 27. Nc3 Bd7 $1 28. Ne2 $1 Nd8 29.
Rg6 {[%emt 0:00:20][%cal Rf5h6,Yg3g6,Yg6h6,Yh6h7] White is much more active.}
Bxf5 30. Rxf5 Nc6 {[%emt 0:00:01] And now ...
Ne7 would win.} 31. Qf2 Ne7 32. Rfxf6 Rhh7 33. Rxh6 Ng8 (33... Rhg7 $16 34. Rh8 Qxh8 35. Rxf7 Rxf7 36.
Qxf7 Qxh4 37. Qf8+ Ka7) 34. Rxh7 $18 Rxf6 {[%emt 0:00:04] [#]}
35. Qg3 ({Only move:} 35. Qg2 $1 $18 {Rh8 is the strong
threat.} Ne7 36. Qg7 Rf1+ 37. Kd2) 35... Rf1+ $17 36. Kd2 Nf6 $36 {[%emt 0:00:10][%cal Yg8f6,Yf6h5,Yh5g3] Black is
really pushing.} 37. Rg7 {[%emt 0:00:51] Black must now prevent Rg5.} Nh5 $1 38. Rg8 Nxg3 39. Rxf8+ Rxf8 40. Nxg3 {[%emt 0:00:04]
Endgame KR-KN} Rf2+ 41. Kc3 {[%emt 0:30:57] [#]} (41. Kc1 $142
) 41... Rh2 (41... c5 $1 $17 {Strongly threatening ...b5.} 42.
Nf5 Kc7) 42. Nf5 $11 c5 43. Ne3 Rxh4 44. b4 (44. Kc4 $11 {remains equal.
}) 44... cxb4+ $17 45. Kxb4 Kc7 46. Nc4 Rh2 47. Kc3 Rh5 48. b4 b6 49. Kb2 Kc6 50. Kb3 Kb5 (
50... Rg5 $17) 51. Nd6+ (51. Na3+ $11 Kc6 52. Nc4) 51... Kc6 52. Nc4 $1 {[%emt 0:00:00] Weighted Error Value: White=0.20 
(precise) /Black=0.15 (very precise)} 1/2-1/2

[Event "44th Chess Olympiad Open 2022"]
[Site "Chennai"]
[Date "2022.08.03"]
[Round "6.23"]
[White "Westerberg, Jonathan"]
[Black "Abdyjapar, Asyl"]
[Result "0-1"]
[WhiteElo "2476"]
[BlackElo "2306"]
[Annotator "TA"]
[PlyCount "93"]
[EventDate "2022.??.??"]
[TimeControl "60"]

1. e4 e5 2. Nf3 Nc6 3. Bc4 Bc5 4. c3 Nf6 5. d3 d6 6. b4 Bb6 7. a4 a5 8. b5 Ne7 9. O-O O-O 10. Nbd2 Ng6 11. Ba2 d5 {[%emt 0:04:47] C54:
Giuoco Piano: 4 c3 Nf6, main lines with 5 d4 and 5 d3.} 12. Ba3 Re8 13. exd5 (13. c4 $5 )
13... Nxd5 {[%emt 0:00:00] Black is slightly better.} 14. Ne4 h6 {[%emt 0:00:38] [#]} 15. Re1 $146 ({Predecessor:} 15. c4
Nb4 16. c5 Nxa2 17. cxb6 Nb4 18. bxc7 Qxc7 19. Rb1 Nf4 20. Bxb4 axb4 21. Rxb4 {
1-0 (59) Florian,J-Schmid,W GER corr 1999}) 15... Ndf4 16. d4 (16. Qb3 $2 Be6 17. Qb1 Bxa2 18. Rxa2 Qd7 $19) 16... Bg4 {
[%emt 0:28:39][%cal Yf4g2] ...Nxg2! is the strong threat.} 17. h3 $1 (17. Qb3 Qd7 18. c4 Bxd4 19. Nxd4 exd4 $19) 17... Be6 ({Better is} 17... Bxf3 $15 18. Qxf3 Nh4) 18. Bxe6 $11 Rxe6 19. Ng3 (19. g3 $11 Nxh3+ 20. Kh2 exd4 21.
Kxh3) 19... exd4 20. cxd4 Qd5 {[%emt 0:01:04]
[%cal Yf4g2] Black is more active.} 21. Rxe6 fxe6 (21... Nxe6 22. Ne2 $15) 22. Qc2 e5 23. Bc5 (23. Qe4 $142) 23... exd4
$17 24. Bxb6 cxb6 25. Qe4 {
[%emt 0:00:05] Against Ne5} Rd8 26.
Re1 d3 27. Nd2 {[%emt 0:00:00] [#]} Nh4 $1 28. Qxd5+ Rxd5 ({Stronger
than} 28... Nxd5 29. Re4 g5 30. Ngf1 $17 (30. Rd4 Nxg2 31. Nh5 Kf7 $17)) 29.
Re7 Nfxg2 30. Rxb7 $2 {[%emt 0:00:10] [#]} (
30. Nge4) 30... Ne1 $1 $19 31. Kf1 ({
Inferior is} 31. Rb8+ Kh7 32. Nge4 Nef3+ 33. Nxf3 Nxf3+ 34. Kg2 d2 $19) 31...
Nef3 32. Nge4 Rd4 33. Rc7 Rxa4 34. Rc1 {[%emt 0:00:02] Inhibits Ra1.}
Rb4 35. Rd1 (35. Rc3 $142) 35... Ne5 36. Nc3 Nhg6 {[%emt 0:02:21] Black is clearly
winning.} 37. f3 Nf4 38. h4 (38. Re1 $142 Nc4 39. Nxc4 Rxc4 40. Re8+ Kh7 41. Nd1) 38... Nc4 {[%emt 0:00:27]
Strongly threatening ...Ne3+.} 39. Nxc4 Rxc4 {[%emt 0:00:05]
Endgame KRN-KRN} 40. Ne4 Rc2 41. Rd2 a4 42. Kf2 a3 43. Ke3 a2 44.
Rd1 Nd5+ (44... Ne2 $142 45. Ra1 Nc1) 45. Kd4 Nb4 {[%emt 0:00:12][%cal Yd3d2] Threatens to win with ...d2!}
46. Nc3 d2 {[%emt 0:00:00] ( -> ...Rc1)} 47. Nb1 {[%emt 0:01:
48] Weighted Error Value: White=0.63/ Black=0.13 (very precise)} 0-1

[Event "44th Chess Olympiad Open 2022"]
[Site "Chennai"]
[Date "2022.08.03"]
[Round "6.23"]
[White "Markov, Mikhail"]
[Black "Hillarp Persson, Tiger"]
[Result "1/2-1/2"]
[WhiteElo "2333"]
[BlackElo "2516"]
[Annotator "TA"]
[PlyCount "74"]
[EventDate "2022.??.??"]
[TimeControl "60"]

1. d4 Nf6 2. Nf3 e6 3. c4 d5 4. g3 Be7 5. Bg2 O-O 6. O-O dxc4 7. Ne5 Qd6 8. Nxc4 {[%emt 0:
00:00] 8.Na3 is the hot move. E05: Open Catalan: 5 Nf3 Be7.} (8. Na3 $1 $14 {
is superior.}) 8... Qa6 $1 $11 9. Qc2 Nc6 10. Rd1 (10. e3 $11) 10... Rd8 $1 $15 11. e3 {[%emt 0:00:45] [#]} e5 $146 ({
Predecessor:} 11... Nb4 12. Qb3 Bd7 13. Nc3 Rab8 14. a3 Nbd5 15. Ne5 Be8 16. e4
Nxc3 17. Qxc3 c5 {1-0 (65) Dizdarevic,E (2486)-Kiriakov,P (2553) Playchess.com
INT 2003}) 12. Nxe5 Nxe5 13. dxe5 {[%emt 0:
00:00] [#]} Bf5 $1 14. Qb3 Rxd1+ 15. Qxd1 Rd8 16. Bd2 Ne4 {[%emt 0:15:07] Black has compensation.} 17. Qc1 c6 (17... Ng5 $5 18. Be1 (18. Qxc7 Kf8 $17) 18...
Nh3+ 19. Bxh3 Bxh3 $17) 18. Be1 (18. Bf1 $5 Qb6
19. Be1 $11) 18... Nc5 (18... Ng5 {keeps more tension.} 19.
Nd2 Qe2 20. Qd1 Qxd1 21. Rxd1 Bb4) 19. Nc3 Bg6 20. e4 b5 21.
Ne2 Nd3 22. Qc2 Nxe5 23. Nf4 Qb6 24. Rd1 (24. Bc3 $5 f6 25. Nxg6 Nxg6 26. b4 $14) 24... Rxd1 25. Qxd1 a5 26. Bc3 Qc7 27. b3 f6 28.
Nxg6 hxg6 29. Bh3 Kf8 30. Be6 Qd8 31. Qxd8+ Bxd8 32. Bxe5 {[%emt 0:01:10] White is
slightly better.} fxe5 $14 {[%emt 0:00:07] KB-KB} 33. Bd7 g5 34. Bxc6 b4 $1 35. Kg2 Kf7 36. Kf3 Bb6 37. Kg4 Kf6 {[%emt 0:00:12] Weighted Error Value:
White=0.12 (very precise) /Black=0.11 (very precise)} 1/2-1/2

[Event "44th Chess Olympiad Open 2022"]
[Site "Chennai"]
[Date "2022.08.03"]
[Round "6.23"]
[White "Zhakshylykov, Erzhan"]
[Black "Berg, Emanuel"]
[Result "0-1"]
[WhiteElo "2332"]
[BlackElo "2533"]
[Annotator "TA"]
[PlyCount "74"]
[EventDate "2022.??.??"]
[TimeControl "60"]

1. d4 Nf6 2. c4 g6 3. Nf3 Bg7 4. g3 O-O 5. Bg2 d6 6. O-O c6 7. Nc3 Qa5 {[%emt 0:00:20] 7...Bf5 might
become the main line.} 8. Ne1 {[%emt 0:07:48] E62: King's Indian: Fianchetto:
6...c6 and Panno Variation (6...Nc6) without ...a6.} Be6 9. d5 cxd5 10. cxd5 {[%emt 0:00:07] White has an
edge.} Bd7 11. Nd3 Na6 (
11... Ng4 {keeps more tension.} 12. Bf4 Rc8 13. e4 Qb6) 12. Bd2 Rfc8 {[%emt 0:03:44] [#]} (12... Ng4 {is interesting.} 13. e4 Rfc8 14. Rb1
Qd8) 13. a4 $146 ({Predecessor:} 13. a3 Qd8 14. b4
Nc7 15. Qb3 Nb5 16. Nxb5 Bxb5 17. Rac1 Qd7 18. Nf4 Rxc1 19. Rxc1 {0-1 (34)
Pohjala,H (2338)-Kulaots,K (2581) Jyvaskyla 2013}) 13... Qd8 (
13... Ng4 {is more complex.} 14. Bg5 Qd8 15. Ne4 Qe8) 14. h3 Ne8 15. e4 Nac7 16. Re1 a5 17. Qb3 Rcb8 18. Nb5 ({White should try} 18. h4 $11) 18... Nxb5 $15 19. axb5 Qb6 20. Bf1 Qxb5 ({Resist} 20... Bxb5 21. Be3 Qa6 22. Nb4
axb4 23. Rxa6 bxa6 24. Bxb5 Rxb5 25. f3 $16) 21. Qa2 {[%emt 0:08:58] [#]} (21.
Qa3 $11 {and White stays safe.}) 21... Bxh3 $1 $19 22. Be2 {
[%emt 0:04:08] [#]} (22. Qa4 Qxa4) 22... Bg4 $1 23. Bf1 (23. Qa4 Qxa4) 23... Qd7 24. Qb3 a4 25. Qb4 Nc7 26. Rac1 b5 27.
Rc6 Na6 28. Qa3 Rc8 29. Rec1 Qd8 30. Nb4 Nc5 31. f3 $2 {[%emt 0:00:16] Loses the game.}
(31. Be3 $17) 31... Bd7 32. Bxb5 $2 (32. Rxc8
{was worth a try.} Rxc8 33. Be3) 32... Bxc6 {[%emt 0:01:43] Black is clearly
winning.} 33. Nxc6 Qb6 {[%emt 0:00:02][%csl Yb5,Ye4]
Threatens to win with ...Nb3+.} 34. Rxc5 Bf8 ({Inferior is} 34... Qxc5+ 35. Qxc5 dxc5 36. Nxe7+ Kf8 37. Nxc8 Rxc8 38. Bxa4
$17) 35. Be3 {[%emt 0:00:36][%cal Yc6e7] Strongly threatening Nxe7+!} dxc5 36. Qxc5 Qxc5 37. Bxc5 {
[%emt 0:00:02] [#]} Ra5 $1 {[%emt 0:00:16] Weighted Error Value: White=0.40/
Black=0.13 (very precise)} 0-1